 Dungeon Crawl Stone Soup version 0.16.1 (console) character file.

27 gw the Vandal (level 3, 0/24 HPs)
             Began as a Halfling Hunter on Mar 23, 2015.
             Succumbed to an adder's poison
             ... on level 2 of the Dungeon.
             The game lasted 00:01:29 (1336 turns).

gw the Vandal (Halfling Hunter)                     Turns: 1336, Time: 00:01:29

Health: 0/24       AC:  7    Str: 12    XL:     3   Next: 25%
Magic:  3/3        EV: 11    Int: 10    God:
Gold:   62         SH:  0    Dex: 15    Spells: 0 memorised, 2 levels left

rFire  + . .     SeeInvis .     a - +0 short sword
rCold  . . .     Clarity  .     k - +1 scale mail {rF+}
rNeg   . . .     SustAb   .     (no shield)
rPois  .         Gourm    .     (no helmet)
rElec  .         Spirit   .     (no cloak)
rCorr  .         Warding  .     (no gloves)
rMut   .         Stasis   .     (no boots)
MR     .....                    (no amulet)
Stlth  ..........               (no ring)
                                (no ring)

@: lethally poisoned (0 -> -11), not resistant to hostile enchantments,
extremely unstealthy
A: mutation resistance 1
a: no special abilities


You were on level 2 of the Dungeon.
You were not hungry.

You visited 1 branch of the dungeon, and saw 2 of its levels.

You collected 62 gold pieces.

Inventory:

Hand weapons
 a - a +0 short sword (weapon)
 b - a +2 hunting sling
Missiles
 c - 11 sling bullets
 g - 22 stones (quivered)
Armour
 k - a +1 scale mail of fire resistance (worn)
Comestibles
 d - a royal jelly
 f - 2 bread rations
 h - a slice of pizza


   Skills:
 + Level 2.2 Fighting
 * Level 6.4 Slings
 + Level 1.0 Armour
 - Level 2.1 Dodging
 - Level 1.1 Stealth


You had 2 spell levels left.
You didn't know any spells.

Dungeon Overview and Level Annotations

Branches:
Dungeon (2/15)

Altars:


Innate Abilities, Weirdness & Mutations

You are small and have problems with some larger weapons.
You are somewhat resistant to further mutation.


Message History

Unknown command.
Unknown command.
Unknown command.
Unknown command.
ATTACKING (-1,0)
You closely miss the adder.
The adder is almost dead.
You feel sick. The adder bites you but does no damage.
Unknown command.
Unknown command.
Unknown command.
Unknown command.
ATTACKING (-1,0)
You hit the adder.
You kill the adder!
Your Armour skill increases to level 1!
You have reached level 3!
Your experience leads to an increase in your attributes!
Increase (S)trength, (I)ntelligence, or (D)exterity?
You feel agile.
You die...

####+## .......#
.(......# .........
........#
......(..#####..#
........p.......#
..........#####.#
................#
.........#############
...####.#............#
#.#.##########.#
#.#.#......# #.#
#.#.#.####.###.#
#.#.#.# #.....#


There were no monsters in sight!

Table legend:
 A = Turns spent in this place as a percentage of turns spent in the entire game.
 B = Non-inter-level travel turns spent in this place as a percentage of non-inter-level travel turns spent in the entire game.
 C = Inter-level travel turns spent in this place as a percentage of turns spent in this place.
 D = Turns resting spent in this place as a percentage of non-inter-level travel turns spent in this place.
 E = Turns spent auto-exploring this place as a percentage of non-inter-level travel turns spent in this place.
 F = Non-inter-level travel turns spent in this place divided by the number of levels of this place that you've seen.
                   A       B       C       D       E      F
               +-------+-------+-------+-------+-------+----------------------
         Total | 100.0 | 100.0 |   0.2 |   0.6 |   1.5 | 1035.0
       Dungeon | 100.0 | 100.0 |   0.2 |   0.6 |   1.5 | 1035.0
               +-------+-------+-------+-------+-------+----------------------

Table legend:
 A = Kills in this place as a percentage of kills in entire the game.
 B = Kills by you in this place as a percentage of kills by you in the entire game.
 C = Kills by friends in this place as a percentage of kills by friends in the entire game.
 D = Other kills in this place as a percentage of other kills in the entire game.
 E = Experience gained in this place as a percentage of experience gained in the entire game.
 F = Experience gained in this place divided by the number of levels of this place that you have seen.
                   A       B       C       D       E      F
               +-------+-------+-------+-------+-------+----------------------
         Total | 100.0 | 100.0 |  -nan |  -nan | 100.0 |  19.5
       Dungeon | 100.0 | 100.0 |  -nan |  -nan | 100.0 |  19.5
               +-------+-------+-------+-------+-------+----------------------

Vanquished Creatures
  An adder (D:2)
  An ooze (D:1)
  A bat (D:1)
  A giant cockroach (D:1)
  4 goblins
  A hobgoblin (D:1)
  3 kobolds (D:1)
  A giant newt (D:1)
  2 rats (D:1)
  A bush (D:1)
16 creatures vanquished.

Notes
Turn   | Place    | Note
--------------------------------------------------------------
     0 | D:1      | gw, the Halfling Hunter, began the quest for the Orb.
     0 | D:1      | Reached XP level 1. HP: 14/14 MP: 1/1
   154 | D:1      | Reached skill level 6 in Slings
   470 | D:1      | Reached XP level 2. HP: 12/19 MP: 2/2
  1336 | D:2      | Reached skill level 1 in Armour
  1336 | D:2      | Reached XP level 3. HP: 1/24 MP: 3/3
  1336 | D:2      | Succumbed to an adder's poison

Action                   || total
-------------------------++-------
Melee: Short sword       ||   210
 Fire: Hunting sling     ||    26
  Use: Scroll            ||     2
       Potion            ||     1
  Eat: Chunk             ||     2

Vault maps used:
D:1:      scummos_arrival_forest, minmay_misc_feat_square, minmay_hedge_maze,
          minmay_misc_feat_iff, amethyst_killhole, bh_walls_and_bars
D:2:      grunt_decor_mini_mirrors, trog_book
